 Dungeon Crawl Stone Soup version 0.28.0 (webtiles) character file.

Game seed: 17411701151352982721

202 SteelSquire the Chopper (level 5, -1/47 HPs)
             Began as a Hill Orc Fighter on Feb 15, 2022.
             Slain by an orc (5 damage)
             ... on level 3 of the Dungeon.
             The game lasted 00:05:17 (2296 turns).

SteelSquire the Chopper (Hill Orc Fighter)          Turns: 2296, Time: 00:05:17

Health: -1/47      AC:  7    Str: 21    XL:     5   Next: 80%
Magic:  5/5        EV: 13    Int:  8    God:
Gold:   131        SH:  4    Dex: 10    Spells: 4/4 levels left

rFire   . . .      SeeInvis .   a - +0 war axe
rCold   . . .      Faith    .   c - +0 buckler
rNeg    . . .      Spirit   .   b - +0 scale mail
rPois   .          Reflect  .   (no helmet)
rElec   .          Harm     .   (no cloak)
rCorr   .          Rampage  .   (no gloves)
Will    .....                   (no boots)
Stlth   ..........              (no amulet)
HPRegen 0.15/turn               e - +4 ring of evasion
MPRegen 0.09/turn               (no ring)

@: mighty
A: no striking features
a: no special abilities


You were on level 3 of the Dungeon.
You visited 1 branch of the dungeon, and saw 3 of its levels.

You collected 131 gold pieces.

Inventory:

Hand Weapons
 a - a +0 war axe (weapon)
Missiles
 o - 6 javelins (quivered)
Armour
 b - a +0 scale mail (worn)
 c - a +0 buckler (worn)
Jewellery
 e - a +4 ring of evasion (left hand)
Scrolls
 f - a scroll of fog {unknown}
 i - 2 scrolls of enchant armour {unknown}
 l - 2 scrolls of identify {unknown}
 m - a scroll of immolation {unknown}
 n - a scroll of noise {unknown}
Potions
 d - a potion of might
 g - a potion of magic {unknown}
 h - 2 potions of invisibility {unknown}
 j - 4 potions of mutation {unknown}
 k - a potion of flight {unknown}
 p - a potion of heal wounds {unknown}
 q - a potion of degeneration {unknown}


   Skills:
 + Level 4.5 Fighting
 + Level 5.5 Axes
 + Level 4.1 Armour
 + Level 0.9 Dodging
 + Level 0.3 Stealth
 + Level 3.8 Shields


You had 4 spell levels left.
You didn't know any spells.
Your spell library contained the following spells:

 Spells                   Type           Power      Damage    Failure   Level
 Animate Skeleton         Necr           0%         N/A       83%         1
 Freeze                   Ice            0%         1d3       83%         1
 Pain                     Necr           0%         1d4       83%         1
 Frozen Ramparts          Ice            0%         1d2       99%         3
 Inner Flame              Hex/Fire       0%         N/A       99%         3
 Vampiric Draining        Necr           0%         2d6       99%         3
 Cause Fear               Hex            0%         N/A       100%        4
 Hailstorm                Conj/Ice       0%         3d3       100%        4
 Ice Form                 Ice/Tmut       0%         N/A       100%        4
 Simulacrum               Ice/Necr       0%         N/A       100%        6
 Discord                  Hex            0%         N/A       100%        8


Dungeon Overview and Level Annotations

Branches:
Dungeon (3/15)

Altars:


Message History

The orc wizard is moderately wounded.
You closely miss the orc. You barely miss something. The orc barely misses you.
Something hits you. The orc wizard closely misses you.
You block the orc's attack.
You barely miss the orc.
The orc is almost dead.
You miss something. You hit the orc wizard. You block the orc's attack.
Something hits you but does no damage. You block the orc wizard's attack.
The orc barely misses you. x2; Something barely misses you.
You barely miss the orc.
The orc is almost dead.
You hit something but do no damage. You hit the orc wizard.
The orc hits you with a +0 flail.
* * * LOW HITPOINT WARNING * * *
The orc wizard completely misses you.
The orc hits you from afar with a +0 trident.
* * * LOW HITPOINT WARNING * * *
Something hits you.
* * * LOW HITPOINT WARNING * * *
The orc misses you.
The orc wizard mumbles some strange words.
The orc wizard flickers and vanishes!
You feel very mighty all of a sudden. The orc closely misses you.
Something hits you.
* * * LOW HITPOINT WARNING * * *
The orc closely misses you. Something hits you.
* * * LOW HITPOINT WARNING * * *
You slash the orc!
You kill the orc!
You slash something!
Reactivating autopickup.
You feel a bit more experienced.
You slash something!
You feel a bit more experienced. The orc barely misses you.
Your Armour skill increases to level 4!
You slash the orc!
You kill the orc!
The orc hits you from afar with a +0 trident.
* * * LOW HITPOINT WARNING * * *
The orc hits you from afar with a +0 trident.
You die...

##########
.........#
.........###### .
......o........ #.
......)))......
##.###### #@#
........# #.#
........# #.#
........########.#
........##.......#
.........#.......#
##.#####.........#
##........#
#########.######.#


You could see an orc.

Vanquished Creatures
  A water moccasin zombie (D:3)
  2 orc wizards (D:3)
  2 adders (D:2)
  2 worms (D:2)
  2 dart slugs
  2 orcs (D:3)
  2 endoplasms (D:1)
  4 giant cockroaches
  5 goblins
  10 hobgoblins
  A jackal (D:2)
  6 kobolds
  4 quokkas
  6 ball pythons
  6 bats
  2 frilled lizards
  8 rats
65 creatures vanquished.

Notes
Turn   | Place    | Note
-------+----------+-------------------------------------------
     0 | D:1      | SteelSquire the Hill Orc Fighter began the quest for the
                  | Orb.
     0 | D:1      | Reached XP level 1. HP: 19/19 MP: 1/1
   163 | D:1      | Reached XP level 2. HP: 27/27 MP: 2/2
   398 | D:1      | Reached skill level 3 in Axes
   400 | D:1      | Reached XP level 3. HP: 30/33 MP: 3/3
   453 | D:1      | Found a faded altar of an unknown god.
  1348 | D:2      | Reached XP level 4. HP: 33/40 MP: 4/4
  1575 | D:2      | Reached skill level 4 in Axes
  2093 | D:3      | Reached skill level 5 in Axes
  2093 | D:3      | Reached XP level 5. HP: 23/47 MP: 5/5
  2296 | D:3      | Slain by an orc

Illustrated notes

Levels and vault maps discovered:
D:1:      minmay_arrival_jagged, layout_basic,
          shapermc_ecumenical_altar_acropolis, minivault_23,
          nicolae_figureground_sparkle
D:2:      minmay_thinvault, layout_loops_cross, kennysheep_generic_room_5
D:3:      layout_basic, ebering_ghost_rock_garden

Skill      XL: |  1  2  3  4  5 |
---------------+----------------+-----
Fighting       | 4 |  4.5
Axes           | 3 5 |  5.5
Armour         | 4 |  4.1
Dodging        | |  0.9
Stealth        | |  0.3
Shields        | |  3.8

Action                   |  1- 3 |  4- 6 || total
-------------------------+-------+-------++-------
Melee: War axe           |   102 |    64 ||   166
  Use: Potion            |       |     1 ||     1
Armor: Scale mail        |    44 |    25 ||    69
Dodge: Dodged            |    78 |    68 ||   146
Block: Buckler           |    29 |    14 ||    43
